 Dungeon Crawl Stone Soup version 0.27.1-34-g3ba077fa99 (webtiles) character file.

Game seed: 15388713856314465112

185 iwittbrodt the Shield-Bearer (level 5, -2/37 HPs)
             Began as a Human Fighter on Jan 14, 2022.
             Was a Follower of Hepliaklqana.
             Slain by an orc (4 damage)
             ... on level 4 of the Dungeon.
             The game lasted 00:19:00 (3827 turns).

iwittbrodt the Shield-Bearer (Human Fighter)        Turns: 3827, Time: 00:19:01

Health: -2/37      AC:  8    Str: 17    XL:     5   Next: 96%
Magic:  5/5        EV:  7    Int:  8    God:    Hepliaklqana [*.....]
Gold:   121        SH:  9    Dex: 13    Spells: 4/4 levels left

rFire    . . .     SeeInvis .   a - +0 war axe
rCold    . . .     Faith    .   c - +0 kite shield
rNeg     . . .     Spirit   .   b - +0 scale mail
rPois    .         Reflect  .   (no helmet)
rElec    .         Harm     .   (no cloak)
rCorr    .         Rampage  .   (no gloves)
Will     .....                  g - +0 pair of boots
Stlth    ..........             (no amulet)
HPRegen  0.12/turn              (no ring)
MPRegen  0.09/turn              (no ring)

@: no status effects
A: reduced essence
a: Renounce Religion, Recall Ancestor, Ancestor Identity


You were on level 4 of the Dungeon.
You worshipped Hepliaklqana.
Hepliaklqana was aware of your devotion.
You visited 1 branch of the dungeon, and saw 5 of its levels.

You collected 121 gold pieces.

Inventory:

Hand Weapons
 a - a +0 war axe (weapon)
 n - a +0 hunting sling
Missiles
 e - 107 stones (quivered)
 f - 6 atropa-tipped darts
 j - 16 sling bullets
 p - 36 poisoned darts
Armour
 b - a +0 scale mail (worn)
 c - a +0 kite shield (worn)
 g - a +0 pair of boots (worn)
Jewellery
 m - a ring of wizardry
Potions
 d - 2 potions of might
 i - 4 potions of curing
 o - a potion of mutation {unknown}
 r - 2 potions of cancellation {unknown}
 s - a potion of lignification {unknown}


   Skills:
 + Level 4.0 Fighting
 + Level 3.3 Axes
 - Level 3.6 Armour
 + Level 4.1 Shields


You had 4 spell levels left.
You didn't know any spells.
Your spell library contained the following spells:

 Spells                   Type           Power      Damage    Failure   Level
 Foxfire                  Conj/Fire      0%         2x1d4     99%         1
 Slow                     Hex            0%         N/A       100%        2
 Confusing Touch          Hex            0%         N/A       100%        3
 Conjure Flame            Conj/Fire      0%         6-21      100%        3
 Inner Flame              Hex/Fire       0%         N/A       100%        3
 Vampiric Draining        Necr           0%         2d6       100%        3


Dungeon Overview and Level Annotations

Branches:
Dungeon (5/15)             Temple (0/1) D:4

Altars:
Hepliaklqana
Ru


Message History

An orc comes into view. It is wielding a +2 whip of freezing.
The orc wizard points at you and mumbles some strange words.
The magic dart hits you.
The orc wizard points at you and mumbles some strange words.
The magic dart hits you.
You barely miss the orc wizard.
The orc wizard hits you with a +0 dagger.
You block the orc wizard's attack.
You are too injured to fight recklessly!
You are too injured to fight recklessly!
You are too injured to fight recklessly!
You closely miss the orc wizard. The orc wizard barely misses you.
You hit the orc wizard.
The orc wizard is moderately wounded.
The orc wizard hits you with a +0 dagger.
You block the orc's attack.
An orc wizard comes into view. It is wielding a +0 dagger.
The orc wizard points at you and mumbles some strange words.
The puff of flame hits you!
* * * LOW HITPOINT WARNING * * *
There is a stone staircase leading down here.
The orc wizard shouts!
The orc hits you with a +2 whip of freezing.
* * * LOW HITPOINT WARNING * * *
The orc freezes you.
* * * LOW HITPOINT WARNING * * *
The orc wizard gestures at you while chanting.
The magic dart hits you.
* * * LOW HITPOINT WARNING * * *
There is an open door here.
Your shield and scale mail prevent you from hitting the orc.
You block the orc's attack.
The orc wizard casts a spell.
The orc wizard flickers and vanishes!
Deactivating autopickup; reactivate with Ctrl-A.
You slash the orc wizard!
You kill the orc wizard!
You hit the orc but do no damage.
The orc hits you with a +2 whip of freezing.
You die...

#.......#########..#
#..........#........
#..........#........
#.....#########.....
#........#.....[....
#........#....)..###
#.....#######...####
###'#...........#...
#@#######.....#...
#####o#######....##...
**##########...........##########
*,.............).....o.##......##
*,..............>.......').....##
*,.≈.≈≈≈≈≈.≈....)......##......##
*,.≈.......≈...........##.o....##
*,.≈.≈...≈.≈...........#####...##
*,.≈.≈._.≈.≈...........# #...##


You could see an orc.

Vanquished Creatures
  An orc wizard (D:4)
  3 adders
  2 worms
  4 orcs
  8 endoplasms
  5 giant cockroaches
  10 goblins
  10 hobgoblins
  3 jackals (D:2)
  A quokka (D:2)
  4 ball pythons
  6 bats
  A frilled lizard (D:1)
  3 kobolds (D:1)
  8 rats
69 creatures vanquished.

Vanquished Creatures (collateral kills)
  A jelly (D:3)
  An adder (D:4)
  An adder skeleton (D:4)
  An orc (D:4)
  A hobgoblin (D:3)
5 creatures vanquished.

Vanquished Creatures (others)
  2 ancestors (D:4)
  2 withered plants (D:2)
4 creatures vanquished.

Grand Total: 78 creatures vanquished

Notes
Turn   | Place    | Note
-------+----------+-------------------------------------------
     0 | D:1      | iwittbrodt the Human Fighter began the quest for the Orb.
     0 | D:1      | Reached XP level 1. HP: 18/18 MP: 1/1
    53 | D:1      | Reached XP level 2. HP: 19/24 MP: 2/2
   653 | D:1      | Reached XP level 3. HP: 29/29 MP: 3/3
  1367 | D:2      | Found a hazy altar of Hepliaklqana.
  1384 | D:2      | Became a worshipper of Hepliaklqana the Forgotten
  1820 | D:2      | Reached XP level 4. HP: 34/35 MP: 4/4
  2130 | D:2      | Found a faded altar of an unknown god.
  2719 | D:3      | Reached XP level 5. HP: 40/41 MP: 5/5
  2866 | D:3      | Reached * piety under Hepliaklqana
  3531 | D:4      | Found a sacrificial altar of Ru.
  3660 | D:5      | Entered Level 5 of the Dungeon
  3827 | D:4      | Slain by an orc

Illustrated notes

Levels and vault maps discovered:
D:1:      dpeg_arrival_morbid_curiosity, layout_basic
D:2:      minmay_recursive_quarters, layout_rooms, basic_altar,
          ebering_ecumenical_altar_petrified
D:3:      layout_loops_ring
D:4:      layout_basic, mainiacjoe_overflow_cross_hatched,
          minmay_temple_entry_waves, gup_sewer_entry_glass,
          hangedman_abyss_or_decor_stagger, cheibrodos_gnoll_hut
D:5:      layout_loops_cross, general_overflow_altar, gammafunk_ghost_arena

Skill      XL: |  1  2  3  4  5 |
---------------+----------------+-----
Axes           | 3 |  3.3
Shields        | 4 |  4.1
Fighting       | 4 |  4.0
Armour         | |  3.6

Action                   |  1- 3 |  4- 6 || total
-------------------------+-------+-------++-------
Melee: War axe           |   104 |   126 ||   230
Throw: Stone             |       |     4 ||     4
Invok: Ancestor Identity |       |     1 ||     1
  Use: Scroll            |       |     4 ||     4
Armor: Scale mail        |    62 |    60 ||   122
Dodge: Dodged            |    24 |    40 ||    64
Block: Kite shield       |    49 |    77 ||   126
